 Dungeon Crawl Stone Soup version 0.26-a0-639-g72c4674329 (webtiles) character file.

Game seed: 18198970058895680469

13531 xcvb the Spear-Bearer (level 11, -4/92 HPs)
             Began as a Demonspawn Chaos Knight on Sept 27, 2020.
             Was a High Priest of Okawaru.
             Slain by a komodo dragon (14 damage)
             ... on level 1 of the Lair of Beasts.
             The game lasted 00:22:37 (14894 turns).

xcvb the Spear-Bearer (Demonspawn Chaos Knight)    Turns: 14894, Time: 00:22:38

Health: -4/92      AC: 11    Str: 20      XL:     11   Next: 76%
Magic:  11/11      EV: 19    Int: 23      God:    Okawaru [*****.]
Gold:   619        SH:  0    Dex: 15 (16) Spells: 10/10 levels left

rFire    . . .     SeeInvis .   s - +6 trident of the Dead {vorpal, +Fly Str+4}
rCold    . . .     Faith    .   (no shield)
rNeg     . . .     Spirit   .   u - +0 ring mail "Dasm" {*Contam Int+4 Dex+5} (curse)
rPois    .         Reflect  .   (helmet restricted)
rElec    .         Harm     .   t - +2 cloak
rCorr    .         Rampage  .   (no gloves)
MR       +....                  (no boots)
Stlth    +.........             (no amulet)
HPRegen  0.25/turn              c - ring of protection from magic
MPRegen  0.12/turn              j - +6 ring of intelligence

@: agile
A: beak, claws 2, molten scales 1, clumsy 1, deterioration 1, sense surroundings
1, powered by death 1, powered by pain 1, robust 1, wild magic 1
a: Heroism, Finesse, Renounce Religion, Evoke Flight


You were on level 1 of the Lair of Beasts.
You worshipped Okawaru.
Okawaru was extremely pleased with you.
You visited 3 branches of the dungeon, and saw 14 of its levels.
You also visited: Ossuary.

You collected 746 gold pieces.
You spent 127 gold pieces at shops.

Inventory:

Hand Weapons
 e - a +2 scimitar of electrocution
 s - the +6 trident of the Dead (weapon) {vorpal, +Fly Str+4}
   (You found it on level 5 of the Dungeon)

   It inflicts extra damage upon your enemies.
   It affects your strength (+4).
   It lets you fly.
Armour
 t - a +2 cloak (worn)
 u - the cursed +0 ring mail "Dasm" (worn) {*Contam Int+4 Dex+5}
   (You found it on level 6 of the Dungeon)

   It affects your intelligence (+4).
   It affects your dexterity (+5).
   It causes magical contamination when unequipped.
   It has a curse placed upon it.
Jewellery
 a - an uncursed ring of flight
 b - an uncursed ring of magical power {unknown}
 c - a ring of protection from magic (left claw)
 j - a +6 ring of intelligence (right claw)
Wands
 m - a wand of paralysis (3)
 w - a wand of random effects (14)
Scrolls
 f - 7 scrolls of remove curse
 g - 4 scrolls of amnesia
 l - 3 scrolls of teleportation
 o - 3 scrolls of magic mapping
 r - a scroll of vulnerability
 v - a scroll of enchant weapon
 x - 3 scrolls of identify
 y - 2 scrolls of enchant armour
Potions
 d - 2 potions of heal wounds
 h - 2 potions of stabbing
 i - a potion of curing
 q - 2 potions of flight
 A - 2 potions of haste
 B - a potion of invisibility


   Skills:
 + Level 7.1 Fighting
 - Level 6.6 Long Blades
 * Level 12.6 Polearms
 + Level 6.7 Armour
 + Level 5.2 Dodging


You had 10 spell levels left.
You didn't know any spells.
Your spell library contained the following spells:

 Spells                   Type           Power        Failure   Level
 Apportation              Tloc           #.....       32%         1
 Summon Small Mammal      Summ           #...         32%         1
 Call Imp                 Summ           #.......     45%         2
 Poisonous Vapours        Pois/Air       #.....       45%         2
 Call Canine Familiar     Summ           #.......     67%         3
 Confusing Touch          Hex            #.......     67%         3
 Conjure Flame            Conj/Fire      #.......     67%         3
 Gell's Gravitas          Tloc           #.........   67%         3
 Lesser Beckoning         Tloc           #.........   67%         3
 Mephitic Cloud           Conj/Pois/Air  #.......     67%         3
 Summon Guardian Golem    Hex/Summ       #.......     67%         3
 Tukima's Dance           Hex            #.......     67%         3
 Petrify                  Tmut/Erth      #.......     96%         4
 Summon Ice Beast         Ice/Summ       #.......     96%         4
 Summon Lightning Spire   Summ/Air       #.......     96%         4
 Alistair's Intoxication  Tmut/Pois      #........    100%        5
 Metabolic Englaciation   Hex/Ice        #.........   100%        5
 Yara's Violent Unravell  Hex/Tmut       #.........   100%        5
 Freezing Cloud           Conj/Ice/Air   #.........   100%        6
 Invisibility             Hex            #.......     100%        6


Dungeon Overview and Level Annotations

Branches:
Dungeon (12/15)            Temple (1/1) D:6            Lair (1/6) D:8
    Orc (0/2) D:12        Ossuary (visited)

Altars:
Ashenzari
Cheibriados
Dithmenos
Elyvilon
Fedhas
Gozag
Hepliaklqana
Kikubaaqudgha
Makhleb
Nemelex Xobeh
Okawaru
Qazlal
Ru
Sif Muna
Trog
Uskayaw
Vehumet
Wu Jian
Xom
Yredelemnul
Zin
The Shining One
Beogh

Shops:
D:5 *   D:8 (

Annotations:
D:4 3 runed translucent doors, harkrass's ghost, amateur MiFi


Innate Abilities, Weirdness & Mutations

You have very sharp fingernails.
You are partially covered in molten scales. (AC +2)
You regenerate a little health from kills.
You sometimes gain a little power by taking damage.
You have a beak for a mouth.
You are clumsy. (Dex -2)
Your body sometimes deteriorates upon taking damage.
You passively map a small area around you.
You are robust. (+10% HP)
Your spells are a little harder to cast, but a little more powerful.


Message History

You are too injured to fight recklessly!
You are too injured to fight recklessly!
You are too injured to fight recklessly!
You are too injured to fight recklessly!
You are too injured to fight recklessly!
You are too injured to fight recklessly!
You barely miss the komodo dragon.
You peck the komodo dragon, but do no damage.
The komodo dragon is almost dead.
The komodo dragon bites you!
* * * LOW HITPOINT WARNING * * *
You barely miss the komodo dragon.
The komodo dragon is almost dead.
Unknown command.
Unknown command.
You hit the komodo dragon but do no damage.
You peck the komodo dragon, but do no damage.
The komodo dragon is almost dead.
The komodo dragon bites you!
You die...

, , , * , *** * **
,.. . * #....... ,
..# * #....... , ,
.... #......
#....## #...... ,,
* #....## *#..... ,
#.l@#### #.... , ,
##!....## ##... , *
###....########....
##.....#P##P..##. *
###.....#...####
##....>...# * * ***
###......### *
##.......## *
##.......#


You could see a komodo dragon.

Vanquished Creatures
  Harold (D:11)
  3 two-headed ogres
  Nergalle (D:11)
  A cyclops (D:12)
  A manticore (D:11)
  Maurice (D:11)
  2 gargoyles (D:12)
  Grinder (D:6)
  2 hornets (D:8)
  3 slime creatures (D:12)
  3 hippogriffs
  A shadow (D:12)
  A wyvern (D:11)
  2 vampire mosquitoes (D:12)
  Menkaure (D:6)
  A soldier ant (D:10)
  A water moccasin (D:11)
  2 black bears
  An eye of draining (shapeshifter) (D:11)
  5 orc warriors
  3 ice beasts
  4 sky beasts
  8 ogres
  A phantom (D:11)
  An eye of draining (D:10)
  4 centaurs
  A big kobold (D:11)
  7 bullfrogs
  2 water moccasin zombies (Ossuary)
  2 scorpions (D:9)
  16 wights
  12 killer bees
  An electric eel (D:8)
  A howler monkey (D:9)
  A bullfrog zombie (D:6)
  A quasit (D:9)
  A centaur zombie (D:5)
  6 orc wizards
  Crazy Yiuf (D:4)
  3 bullfrog skeletons
  7 hounds
  4 jellies
  2 gnoll shamans
  4 orc priests
  4 iguanas
  4 worker ants
  A killer bee zombie (D:6)
  3 big kobold zombies (Ossuary)
  2 mummies (Ossuary)
  11 gnolls
  14 adders
  A howler monkey skeleton (D:3)
  A shadow imp (D:10)
  3 white imps
  An ufetubus (D:6)
  2 oozes
  An adder skeleton (D:7)
  5 adder zombies (Ossuary)
  2 worms (D:2)
  2 dart slugs
  3 leopard geckos
  42 orcs
  4 bats
  8 giant cockroaches
  A gnoll zombie (Ossuary)
  8 goblins
  3 hobgoblins
  6 jackals (D:3)
  2 quokkas
  5 frilled lizards
  6 hobgoblin zombies (Ossuary)
  A jackal skeleton (D:7)
  10 kobolds
  4 kobold zombies (Ossuary)
  2 leopard gecko skeletons
  3 orc zombies (Ossuary)
  10 rats
302 creatures vanquished.

Vanquished Creatures (collateral kills)
  A water moccasin zombie (Ossuary)
  A hobgoblin (D:2)
  A hobgoblin zombie (Ossuary)
  An orc zombie (Ossuary)
4 creatures vanquished.

Vanquished Creatures (others)
  A water moccasin zombie (Ossuary)
  An adder zombie (Ossuary)
  A hobgoblin zombie (Ossuary)
  3 fungi
6 creatures vanquished.

Grand Total: 312 creatures vanquished

Notes
Turn   | Place    | Note
-------+----------+-------------------------------------------
     0 | D:1      | xcvb the Demonspawn Chaos Knight began the quest for the
                  | Orb.
     0 | D:1      | Reached XP level 1. HP: 18/18 MP: 1/1
   176 | D:1      | Gained mutation: You regenerate a little health from kills.
                  | [demonic ancestry]
   176 | D:1      | Reached XP level 2. HP: 24/24 MP: 2/2
   820 | D:1      | XOM: divination: detect creatures
   866 | D:2      | XOM: noise
   869 | D:2      | Noticed an ogre
   874 | D:2      | XOM: butterfly on damage
   899 | D:2      | XOM: silly message
   907 | D:2      | XOM: chaos upgrade
   912 | D:3      | Reached XP level 3. HP: 26/29 MP: 3/3
  1193 | D:3      | Reached skill level 1 in Dodging
  1225 | D:3      | Gained mutation: You have sharp fingernails. [demonic
                  | ancestry]
  1225 | D:3      | Reached XP level 4. HP: 35/35 MP: 4/4
  1297 | D:3      | XOM: divination: detect items
  1354 | D:3      | XOM: smoke on damage
  1473 | D:3      | XOM: silly message
  2013 | D:2      | Gained mutation: You sometimes gain a little power by
                  | taking damage. [demonic ancestry]
  2013 | D:2      | Reached XP level 5. HP: 41/41 MP: 5/5
  2243 | D:2      | XOM: summons friendly ufetubus
  2252 | D:2      | XOM: silly message
  2303 | D:2      | XOM: butterfly on damage
  2303 | D:2      | HP: 1/41 [ogre/+0 giant spiked club of chaos (6)]
  2449 | D:3      | XOM: divination: magic mapping
  2608 | D:2      | XOM: cleaving
  2615 | D:2      | Killed an ogre
  2615 | D:2      | Reached skill level 5 in Long Blades
  2716 | D:2      | XOM: god gift: 4 javelins
  3150 | D:4      | Reached XP level 6. HP: 45/48 MP: 6/6
  3213 | D:4      | Found a sand-covered staircase.
  3219 | Ossuary  | Entered an ossuary
  3243 | Ossuary  | XOM: enchant monster (good)
  3248 | Ossuary  | XOM: divine lightning
  3639 | Ossuary  | XOM: summons friendly quasit
  3645 | Ossuary  | Gained mutation: You have very sharp fingernails. [demonic
                  | ancestry]
  3645 | Ossuary  | Reached XP level 7. HP: 43/53 MP: 7/7
  3659 | Ossuary  | XOM: cloud trail
  3791 | D:4      | Gained mutation: You passively map a small area around you.
                  | [potion of mutation]
  3791 | D:4      | Gained mutation: Your spells are a little harder to cast,
                  | but a little more powerful. [potion of mutation]
  3791 | D:4      | Gained mutation: You have a beak for a mouth. [potion of
                  | mutation]
  3791 | D:4      | Gained mutation: You are robust. (+10% HP) [potion of
                  | mutation]
  3793 | D:4      | XOM: cleaving
  3832 | D:4      | XOM: god gift: scimitar {god gift}
  3999 | D:3      | XOM: cloud trail
  4035 | D:3      | XOM: silly message
  4262 | D:4      | XOM: god gift: wand of flame (8)
  4506 | D:4      | Found a runed translucent gate.
  4507 | D:4      | Found a runed translucent gate.
  4507 | D:4      | Found a runed translucent gate.
  4508 | D:4      | Identified the +1 chain mail of Context {Str+4 Int+4}
  4508 | D:4      | Noticed harkrass's ghost (amateur MiFi)
  4509 | D:4      | Identified the +4 mace of Sequestration {flame, rC+ rN+}
  4512 | D:4      | Found a roughly hewn altar of Beogh.
  4641 | D:4      | Found a runed translucent door.
  4642 | D:4      | Noticed Crazy Yiuf
  4664 | D:5      | Entered Level 5 of the Dungeon
  4750 | D:5      | XOM: draining
  4828 | D:5      | XOM: summons 4 hostile demons
  4829 | D:5      | XOM: summons 2 hostile shadow creatures
  4831 | D:5      | XOM: chaos cloud
  5052 | D:4      | XOM: torment (31/59 hp)
  5299 | D:5      | Found Lubboev's Assorted Antiques.
  5304 | D:5      | Bought a potion of curing for 78 gold pieces
  5304 | D:5      | Bought a brown potion for 23 gold pieces
  5304 | D:5      | Bought a scroll labeled XOV KIW JOE for 26 gold pieces
  5439 | D:5      | Found a hazy altar of Hepliaklqana.
  5496 | D:5      | Got a faintly glowing trident
  5498 | D:5      | Identified the +6 trident of the Dead {vorpal, +Fly Str+4}
                  | (You found it on level 5 of the Dungeon)
  5643 | D:5      | XOM: 2-stop teleportation journey
  5648 | D:5      | XOM: noise
  5973 | D:4      | Killed Crazy Yiuf
  5973 | D:4      | Reached skill level 1 in Polearms
  6044 | D:5      | XOM: cloud trail
  6106 | D:6      | XOM: 1-stop teleportation journey
  6131 | D:6      | XOM: 6-stop teleportation journey
  6145 | D:6      | Reached skill level 2 in Polearms
  6145 | D:6      | XOM: potion effect (heal wounds)
  6147 | D:6      | XOM: smoke on damage
  6149 | D:6      | Gained mutation: You are partially covered in molten
                  | scales. (AC +2) [demonic ancestry]
  6149 | D:6      | Reached XP level 8. HP: 55/67 MP: 8/8
  6216 | D:6      | XOM: 2-stop teleportation journey
  6339 | D:6      | Reached skill level 3 in Polearms
  6361 | D:6      | XOM: scenery: create altars
  6362 | D:6      | XOM: cloud trail
  6364 | D:6      | Got a jewelled ring mail
  6365 | D:6      | Identified the cursed +0 ring mail "Dasm" {*Contam Int+4
                  | Dex+5} (You found it on level 6 of the Dungeon)
  6381 | D:6      | XOM: divination: detect items
  6517 | D:6      | XOM: blink monster(s)
  6557 | D:6      | Noticed Grinder
  6560 | D:6      | Reached skill level 4 in Polearms
  6565 | D:6      | XOM: enchant monster (good)
  6568 | D:6      | Paralysed by Grinder for 4 turns
  6575 | D:6      | Paralysed by Grinder for 7 turns
  6578 | D:6      | XOM: divination: detect items
  6587 | D:6      | Killed Grinder
  6691 | D:6      | XOM: silly message
  6817 | D:6      | Found a staircase to the Ecumenical Temple.
  6939 | D:6      | Noticed Menkaure
  6941 | D:6      | XOM: confuse monster(s)
  6944 | D:6      | Killed Menkaure
  6944 | D:6      | Reached skill level 5 in Polearms
  7276 | Temple   | Entered the Ecumenical Temple
  7330 | Temple   | Fell from the grace of Xom
  7330 | Temple   | Became a worshipper of Warmaster Okawaru
  7391 | D:7      | Reached XP level 9. HP: 69/73 MP: 9/9
  7414 | D:7      | XOM: give mutations
  7414 | D:7      | Gained mutation: You are clumsy. (Dex -2) [Xom's mischief]
  7414 | D:7      | Gained mutation: Your body sometimes deteriorates upon
                  | taking damage. [Xom's mischief]
  7473 | D:7      | Reached skill level 5 in Fighting
  7473 | D:7      | Reached skill level 6 in Polearms
  7896 | D:7      | Reached * piety under Okawaru
  8193 | D:7      | Reached skill level 7 in Polearms
  8357 | D:7      | XOM: noise
  8422 | D:7      | XOM: stat loss: -3 Int (20/23)
  8484 | D:8      | XOM: 1-stop teleportation journey
  8501 | D:8      | Reached skill level 5 in Armour
  8528 | D:8      | Found Exkayre's Weapon Emporium.
  8546 | D:8      | XOM: 3-stop teleportation journey
  8547 | D:8      | Noticed a two-headed ogre
  8552 | D:8      | Paralysed by a hornet for 3 turns
  9047 | D:8      | XOM: noise
  9138 | D:8      | Found a staircase to the Lair.
  9256 | D:8      | Reached ** piety under Okawaru
  9256 | D:8      | Reached skill level 8 in Polearms
  9393 | D:8      | Killed a two-headed ogre
  9393 | D:8      | Reached XP level 10. HP: 69/83 MP: 10/10
  9479 | D:8      | Reached skill level 9 in Polearms
  9485 | D:8      | Reached *** piety under Okawaru
 10187 | D:9      | Noticed a two-headed ogre
 10196 | D:9      | Killed a two-headed ogre
 10196 | D:9      | Reached skill level 10 in Polearms
 10410 | D:10     | Entered Level 10 of the Dungeon
 10417 | D:10     | XOM: 1-stop teleportation journey
 10642 | D:10     | XOM: silly message
 10811 | D:10     | XOM: silly message
 10892 | D:10     | XOM: silly message
 10910 | D:10     | Received a gift from Okawaru
 11315 | D:10     | XOM: silly message
 11364 | D:10     | XOM: silly message
 11500 | D:11     | Noticed Maurice
 11510 | D:11     | Killed Maurice
 11548 | D:11     | Noticed Harold
 11569 | D:11     | Killed Harold
 11569 | D:11     | Reached **** piety under Okawaru
 11569 | D:11     | Reached skill level 11 in Polearms
 11569 | D:11     | Reached XP level 11. HP: 50/91 MP: 11/11
 11638 | D:11     | Noticed Nergalle
 11805 | D:11     | Killed Nergalle
 11988 | D:11     | XOM: cloud trail
 12189 | D:11     | Got a citrine-studded leather armour
 12190 | D:11     | Identified the cursed +0 leather armour of Shielding
                  | {Dex+3} (You found it on level 11 of the Dungeon)
 12411 | D:11     | Reached ***** piety under Okawaru
 12463 | D:11     | Noticed a two-headed ogre
 12474 | D:11     | Killed a two-headed ogre
 13037 | D:12     | Found a staircase to the Orcish Mines.
 13130 | D:12     | Reached skill level 12 in Polearms
 13706 | D:12     | Reached skill level 5 in Dodging
 13809 | D:12     | XOM: summons 7 hostile demons
 14034 | D:12     | XOM: noise
 14053 | D:12     | XOM: summons 5 hostile demons
 14307 | D:12     | Noticed a six-headed hydra
 14481 | D:12     | XOM: cloud trail
 14837 | Lair:1   | XOM: noise
 14837 | Lair:1   | Entered Level 1 of the Lair of Beasts
 14894 | Lair:1   | Slain by a komodo dragon

Illustrated notes

Levels and vault maps discovered:
D:1:      lightli_arrival_windingriver, layout_basic
D:2:      layout_basic
D:3:      layout_basic
D:4:      layout_gridville, nicolae_ossuary_entry_plus,
          biasface_ghost_orc_armoury, uniq_crazy_yiuf_cottage
D:5:      layout_loops_corners, overflow_temple_1_default, serial_shops,
          nicolae_shop_stone
D:6:      layout_loops_ring, minmay_temple_entry_gardened_gates, serial_rivers,
          chequers_serial_rivers_marsh, chequers_serial_rivers_room_b,
          chequers_serial_rivers_large_a, chequers_serial_rivers_marsh,
          chequers_serial_rivers_micro_c, uniq_grinder, uniq_menkaure
D:7:      layout_loops_corners
D:8:      layout_basic, lair_entry_dummy, serial_shops, shop,
          grunt_decor_fettered, due_unseen_surprise
D:9:      layout_long_grid, minmay_misc_feat_columns
D:10:     layout_basic
D:11:     layout_irregular_city, uniq_maurice, uniq_harold, uniq_nergalle
D:12:     layout_small_grid, david_orc_2
Temple:   compressed_dpeg_circular_temple
Lair:1:   layout_cave_pods

Skill      XL: |  1  2  3  4  5  6  7  8  9 10 11 |
---------------+----------------------------------+-----
Long Blades    | 3 4 5 6 |  6.6
Dodging        | 1 2 3 4 5 |  5.2
Armour         | 2 3 4 5 6 |  6.7
Fighting       | 4 5 6 7 |  7.1
Polearms       | 2 5 8 11 12 | 12.6

Action                   |  1- 3 |  4- 6 |  7- 9 | 10-12 || total
-------------------------+-------+-------+-------+-------++-------
Melee: Falchion          |    71 |   216 |    68 |       ||   355
       Trident           |       |       |   269 |   451 ||   720
       Peck              |       |       |    56 |    68 ||   124
Evoke: Wand              |       |       |       |     7 ||     7
  Use: Scroll            |     6 |     4 |    11 |     7 ||    28
       Potion            |     3 |     6 |     6 |     9 ||    24
 Stab: Paralysed         |     1 |     6 |       |     4 ||    11
       Sleeping          |       |     1 |       |       ||     1
       Confused          |       |       |     2 |       ||     2
       Distracted        |       |       |     1 |       ||     1
Armor: Leather armour    |    28 |    73 |    50 |       ||   151
       Skin              |       |       |    61 |   118 ||   179
       Ring mail         |       |       |    72 |    93 ||   165
Dodge: Dodged            |    50 |   133 |   186 |   206 ||   575
       Rpst.: Falchion   |    17 |    41 |     6 |       ||    64

Table legend: (Time is in decaauts)
 A = Elapsed time spent in this place.
 B = Non-inter-level travel time spent in this place.
 C = Inter-level travel time spent in this place.
 D = Time resting spent in this place.
 E = Time spent auto-exploring this place.
 F = Levels seen in this place.
 G = Mean time per level.
                   A        B        C        D        E       F      G
               +--------+--------+--------+--------+--------+-----+--------+
         Total |  14857 |  14418 |    439 |   3934 |   8119 |  15 |  990.5 |
       Dungeon |  14239 |  13813 |    426 |   3650 |   8002 |  12 | 1186.6 |
        Temple |     66 |     54 |     12 |      0 |      0 |   1 |   66.0 |
          Lair |     53 |     53 |      0 |      0 |     45 |   1 |   53.0 |
       Ossuary |    498 |    498 |      0 |    284 |     72 |   1 |  498.0 |
               +--------+--------+--------+--------+--------+-----+--------+

Top non-repeatable levels by time:
    D:12: 1688 daAuts
    D:11: 1620 daAuts
     D:4: 1316 daAuts
     D:8: 1314 daAuts
     D:6: 1287 daAuts
     D:2: 1241 daAuts
     D:3: 1187 daAuts
     D:7: 1111 daAuts
    D:10: 986 daAuts
     D:5: 970 daAuts
     D:1: 871 daAuts
     D:9: 644 daAuts
 Ossuary: 498 daAuts
  Temple: 66 daAuts
  Lair:1: 53 daAuts
